 Dungeon Crawl Stone Soup version 0.31-a0-175-g9f7f995f2b (webtiles) character file.

Game seed: 5328989604406125787

86 olmar the Covered (level 4, 0/40 HPs)
             Began as an Armataur Fighter on June 16, 2023.
             Slain by a goblin
             ... wielding a +0 club
              (1 damage)
             ... on level 3 of the Dungeon.
             The game lasted 00:01:44 (1388 turns).

olmar the Covered (Armataur Fighter)                Turns: 1388, Time: 00:01:45

Health: 0/40       AC:  7    Str: 29    XL:     4   Next: 26%
Magic:  4/4        EV:  7    Int:  8    God:
Gold:   68         SH:  0    Dex: 10    Spells: 3/3 levels left

rFire   . . .        a - +0 flail
rCold   . . .        c - +0 buckler
rNeg    . . .        b - +0 scale mail
rPois   .            (no helmet)
rElec   .            (no cloak)
rCorr   .            (no gloves)
SInv    .            (no barding)
Will    +....        (no amulet) Stlth
                     k - +6 ring of strength
HPRegen 0.26/turn    (no ring)
MPRegen 0.09/turn

%: roll
@: confused, mighty, lethally poisoned (0 -> -12), enlightened, flying, hasted,
very quick
A: large, rugged brown scales 3, deformed body, armoured tail, roll, long
tongue, awkward tongue
a: no special abilities


You were on level 3 of the Dungeon.
You visited 1 branch of the dungeon, and saw 3 of its levels.

You collected 68 gold pieces.

Inventory:

Hand Weapons
 a - a +0 flail (weapon)
Armour
 b - a +0 scale mail (worn)
 c - a +0 buckler (worn)
Jewellery
 k - a +6 ring of strength (left hand)
Scrolls
 g - 2 scrolls of teleportation {unknown}
 h - a scroll of brand weapon {unknown}
 i - a scroll of identify {unknown}
 m - a scroll of enchant armour {unknown}
Potions
 j - a potion of attraction {unknown}
 l - a potion of degeneration {unknown}


   Skills:
 + Level 3.1 Fighting
 + Level 2.9 Maces & Flails
 + Level 4.7 Armour
 + Level 0.1 Dodging
 + Level 3.5 Shields


You had 3 spell levels left.
You didn't know any spells.
Your spell library contained the following spells:

 Spells                   Type           Power      Damage    Failure   Level
 Ignite Poison            Fire/Tmut/Pois 0%         N/A       97%         3
 Sticky Flame             Conj/Fire      0%         2d3       100%        4
 Ignition                 Fire           0%         3d3       100%        8


Dungeon Overview and Level Annotations

Branches:
Dungeon (3/15)

Altars:

Shops:
D:2 (

Annotations:
D:3 Sigmund


Innate Abilities, Weirdness & Mutations

You are completely covered in rugged brown scales. (AC +3, +7% HP)
Armour fits poorly on your strangely shaped body.
You have a long armoured tail.
You roll when moving toward enemies. (Rampage)
Your long tongue fully drains potion bottles. (2x potion effects)
Your tongue gives you trouble enunciating. (1.5x scroll delay)


Message History

The goblin hits you but does no damage.
You hear some strange, mumbled words.
Something tries to affect you, but you resist.
Unknown command.
Something hits you.
You are poisoned.
You miss something.
You feel very sick. The goblin hits you but does no damage. Something hits you!
You are more poisoned.
You hit something.
You feel very sick. The goblin hits you but does no damage.
Unknown command.
You miss something.
Your tail-slap misses something.
* * * LOW HITPOINT WARNING * * *
You feel very sick. You block the giant cockroach's attack.
The goblin hits you but does no damage.
You hear some strange, mumbled words.
You are confused.
The giant cockroach closely misses you. Something hits you but does no damage.
You are lethally poisoned!
The goblin hits you but does no damage.
It was a potion of enlightenment.
You feel very buoyant.
You fly up into the air.
You slurp down every last drop of the potion of enlightenment!
* * * LOW HITPOINT WARNING * * *
You feel very sick.
The giant cockroach bites you but does no damage.
The goblin hits you but does no damage.
It was a potion of haste.
You feel yourself speed up.
You slurp down every last drop of the potion of haste!
* * * LOW HITPOINT WARNING * * *
You feel very sick.
The giant cockroach bites you but does no damage.
Something hits you.
* * * LOW HITPOINT WARNING * * *
The goblin hits you with a +0 club.
You die...

.. ... .# ....## <#
.<..#. .# ....## .##
####### ...###..#
##.....## #.##..#
##.......#
#@...####.........
#gB.....>....>....
.....B...######.........
###.####.# #.........
#..#####.........
##..............#
#######.........
#......... #......(..


You could see a giant cockroach and a goblin.

Vanquished Creatures
  2 adders (D:2)
  2 worms (D:2)
  2 dart slugs
  6 endoplasms
  2 giant cockroaches (D:2)
  7 goblins
  2 hobgoblins (D:1)
  2 jackals (D:2)
  A quokka (D:1)
  10 ball pythons
  5 bats
  4 frilled lizards
  3 kobolds
  8 rats
56 creatures vanquished.

Notes
Turn   | Place    | Note
-------+----------+-------------------------------------------
     0 | D:1      | olmar the Armataur Fighter began the quest for the Orb.
     0 | D:1      | Reached XP level 1. HP: 19/19 MP: 1/1
    75 | D:1      | Reached XP level 2. HP: 26/26 MP: 2/2
    76 | D:1      | Reached skill level 4 in Armour
   566 | D:1      | Reached XP level 3. HP: 33/33 MP: 3/3
   773 | D:2      | Found a faded altar of an unknown god.
   904 | D:2      | Found Laqirr's Weapon Shoppe.
  1041 | D:2      | Reached XP level 4. HP: 37/40 MP: 4/4
  1377 | D:3      | Noticed Sigmund
  1388 | D:3      | HP: 1/40 [something (4)]
  1388 | D:3      | Slain by a goblin

Illustrated notes

Levels and vault maps discovered:
D:1:      wander_arrival_fairy_ring, layout_basic, minmay_pentomino_z4
D:2:      layout_rooms, ebering_ecumenical_altar_hall, serial_shops, shop,
          serial_corexii_hall, corexii_hall_statues_u, chequers_hall_statues_y,
          corexii_hall_statues_t, grunt_ministairs_13, hangedman_decor_push
D:3:      layout_rooms, hangedman_glass_garden, uniq_sigmund

Skill      XL: |  1  2 |
---------------+-------+-----
Armour         | 4 |  4.7
Maces & Flails | 2 |  2.9
Fighting       | 3 |  3.1
Dodging        | |  0.1
Shields        | |  3.5

Action                     |  1- 3 |  4- 6 || total
---------------------------+-------+-------++-------
  Melee: Flail             |   116 |    26 ||   142
         Tailslap          |    11 |     2 ||    13
    Use: Potion            |     1 |     3 ||     4
 Armour: Scale mail        |    72 |    16 ||    88
  Dodge: Dodged            |    45 |     8 ||    53
  Block: Buckler           |    25 |     8 ||    33

Table legend: (Time is in decaauts)
 A = Elapsed time spent in this place.
 B = Non-inter-level travel time spent in this place.
 C = Inter-level travel time spent in this place.
 D = Time resting spent in this place.
 E = Time spent auto-exploring this place.
 F = Levels seen in this place.
 G = Mean time per level.
                   A        B        C        D        E       F      G
               +--------+--------+--------+--------+--------+-----+--------+
         Total |   1430 |   1372 |     58 |      0 |   1056 |   3 |  476.7 |
       Dungeon |   1430 |   1372 |     58 |      0 |   1056 |   3 |  476.7 |
               +--------+--------+--------+--------+--------+-----+--------+

Top non-repeatable levels by time:
     D:1: 787 daAuts
     D:2: 604 daAuts
     D:3: 37 daAuts
